[Event "Team 45 45 League T51"]
[Site "Internet Chess Club"]
[Date "2011.11.28"]
[Round "3"]
[White "Heian"]
[Black "cityprosecutor"]
[Result "1-0"]
[WhiteElo "1810"]
[BlackElo "1686"]
[Opening "Pirc defense"]
[ECO "B07"]
[Time "18:00:47"]
[TimeControl "2700+45"]

1. e4 d6 2. d4 Nf6 3. Bd3 e5 4. dxe5 dxe5 5. Ne2 Nc6 6. f3 Bc5 7. Bg5 h6 8. Bh4
Be6 9. Nbc3 g5 10. Bf2 Bxf2+ 11. Kxf2 Qd7 12. Bb5 a6 13. Qxd7+ Bxd7 14. Ba4 g4
15. Nd5 Nxd5 16. exd5 Nb4 17. Bxd7+ Kxd7 18. c4 Nd3+ 19. Kg3 gxf3 20. Kxf3 Nxb2
21. Rab1 Nxc4 22. Rxb7 Nd6 23. Rb3 f5 24. Rc1 Rab8 25. Rbc3 Rhc8 26. Rc6 Rb6 27.
R6c3 Ne4 28. Rc6 Nd6 29. R1c5 Rb1 30. Nc3 Rc1 31. Rxa6 Ne4 32. Rac6 Nxc5 33.
Rxc5 Ra8 34. a4 Ra6 35. g4 Kd6 36. Rc4 e4+ 37. Ke3 Rh1 38. gxf5 Rxh2 39. Kd4 h5
40. Nxe4+ Kd7 41. Nc5+ Kc8 42. Nxa6 h4 43. Rxc7+ Kd8 44. Rh7 h3 45. Ke5 Re2+ 46.
Kd6 {Black resigns} 1-0

[Event "Team 45 45 League T51"]
[Site "Internet Chess Club"]
[Date "2011.11.26"]
[Round "3"]
[White "Pacini"]
[Black "Sir-Sinister"]
[Result "1-0"]
[WhiteElo "2066"]
[BlackElo "1838"]
[Opening "Scotch gambit: Dubois-Réti defense"]
[ECO "C55"]
[Time "19:21:45"]
[TimeControl "2700+45"]

1. e4 e5 2. Nf3 Nc6 3. d4 exd4 4. Bc4 Nf6 5. e5 d5 6. Bb5 Ne4 7. Nxd4 Bd7 8.
Bxc6 bxc6 9. O-O Bc5 10. f3 Ng5 11. f4 Ne4 12. Be3 O-O 13. Nd2 f5 14. c3 Bb6 15.
Nxe4 fxe4 16. Qh5 c5 17. Nb3 Qe7 18. Qd1 c6 19. Qd2 c4 20. Bxb6 axb6 21. Nd4 c5
22. Ne2 Bc6 23. a3 Qe6 24. Rad1 Rad8 25. Qe3 Ba4 26. Rd2 Rf7 27. Ng3 Rdf8 28.
Rff2 Rd8 29. Nxe4 h6 30. Ng3 Re8 31. Rfe2 g6 32. f5 gxf5 33. Nh5 Bc6 34. Qg3+
{Black resigns} 1-0

[Event "Team 45 45 League T51"]
[Site "Internet Chess Club"]
[Date "2011.11.26"]
[Round "3"]
[White "gwolff"]
[Black "smyslovVchess"]
[Result "1-0"]
[WhiteElo "1846"]
[BlackElo "1797"]
[Opening "Nimzo-Indian: classical, 4...c5"]
[ECO "E38"]
[Time "13:46:17"]
[TimeControl "2700+45"]

1. d4 Nf6 2. c4 e6 3. Nc3 Bb4 4. Qc2 c5 5. a3 Ba5 6. dxc5 Bxc3+ 7. Qxc3 Nc6 8.
Bg5 h6 9. Bxf6 gxf6 10. Nf3 b6 11. cxb6 axb6 12. e4 e5 13. O-O-O Qe7 14. Be2 Ra7
15. Rd5 d6 16. Rhd1 Rd7 {Black resigns} 1-0

[Event "Team 45 45 League T51"]
[Site "Internet Chess Club"]
[Date "2011.11.28"]
[Round "3"]
[White "vigneshv"]
[Black "Kheeljoi"]
[Result "0-1"]
[WhiteElo "1557"]
[BlackElo "1799"]
[Opening "King's Indian defense, 3.Nc3"]
[ECO "E61"]
[Time "22:45:48"]
[TimeControl "2700+45"]

1. d4 Nf6 2. c4 g6 3. Nc3 Bg7 4. Bf4 d6 5. e3 O-O 6. Nf3 c5 7. d5 Bg4 8. Be2 Na6
9. Nd2 Bd7 10. O-O Rb8 11. a3 h6 12. Qc2 Nc7 13. b4 b6 14. b5 a6 15. a4 Re8 16.
Rac1 Ra8 17. Ra1 Rb8 18. Ra2 Bc8 19. Rc1 Nd7 20. Nf3 Ra8 21. Bd3 g5 22. Bg3 Bxc3
23. Qxc3 axb5 24. cxb5 Nxd5 25. Qc4 Bb7 26. Be4 N7f6 27. Bxd5 Bxd5 28. Qc2 Bxa2
29. Qxa2 Nh5 30. Rd1 Nxg3 31. hxg3 Qc7 32. Kf1 Ra7 33. Rc1 Rea8 34. Rc4 d5 35.
Rg4 e6 36. e4 Rxa4 37. Nxg5 hxg5 38. Rxg5+ Kf8 39. Qb3 Ra1+ 40. Ke2 R8a2+ 41.
Kd3 Ra3 {White resigns} 0-1

[Event "Team 45 45 League T51"]
[Site "Internet Chess Club"]
[Date "2011.11.27"]
[Round "3"]
[White "quotha"]
[Black "kwameh72"]
[Result "1-0"]
[WhiteElo "1760"]
[BlackElo "1644"]
[Opening "Réti opening"]
[ECO "A04"]
[Time "14:01:23"]
[TimeControl "2700+45"]

1. Nf3 Nc6 2. c4 d6 3. d4 Bg4 4. d5 Nb8 5. Nd4 e5 6. Qa4+ Bd7 7. Nb5 c6 8. dxc6
bxc6 9. N5c3 f5 10. e4 f4 11. b4 c5 12. b5 Nf6 13. Qd1 a6 14. a4 axb5 15. cxb5
Be7 16. Bc4 Qc8 17. Qb3 g5 18. a5 Kf8 19. Nd2 Qd8 20. a6 Qb6 21. Be6 h5 22. Nc4
Qd8 23. Bd5 Nxd5 24. Nxd5 Be6 25. Ncb6 Ra7 26. Bb2 Nd7 27. Nxd7+ Qxd7 28. b6 Kg7
29. bxa7 Qxa7 30. Qb7 {Black resigns} 1-0

[Event "Team 45 45 League T51"]
[Site "Internet Chess Club"]
[Date "2011.11.27"]
[Round "3"]
[White "HiddenDeath"]
[Black "jorobo"]
[Result "0-1"]
[WhiteElo "1969"]
[BlackElo "1981"]
[Opening "Vienna game"]
[ECO "C27"]
[Time "23:54:14"]
[TimeControl "2700+45"]

1. e4 e5 2. Nc3 Nf6 3. Bc4 Nxe4 4. Bxf7+ Kxf7 5. Nxe4 d5 6. Ng3 Nc6 7. d3 Bc5 8.
Nf3 Rf8 9. O-O Kg8 10. Be3 Bd6 11. h3 Qf6 12. Kh2 Bd7 13. c3 Rae8 14. Qb3 Ne7
15. Ne4 Qe6 16. Nfg5 Qg6 17. Nxd6 Qxd6 18. Qxb7 h6 19. Qxa7 hxg5 20. Bxg5 c5 21.
Bxe7 Rxe7 22. Qa3 e4+ 23. Kg1 exd3 24. Rad1 Bf5 25. Rfe1 Rxe1+ 26. Rxe1 d2 27.
Rd1 Re8 {White resigns} 0-1

[Event "Team 45 45 League T51"]
[Site "Internet Chess Club"]
[Date "2011.11.24"]
[Round "3"]
[White "Chatica"]
[Black "Ptzz"]
[Result "1/2-1/2"]
[WhiteElo "2222"]
[BlackElo "2072"]
[Opening "Caro-Kann: Rasa-Studier gambit"]
[ECO "B15"]
[Time "16:53:27"]
[TimeControl "2700+45"]

1. e4 c6 2. d4 d5 3. Nc3 dxe4 4. f3 exf3 5. Nxf3 Bf5 6. Bc4 e6 7. O-O Nf6 8. Ng5
Bg6 9. Ne2 Be7 10. Nf4 O-O 11. Nfxe6 fxe6 12. Nxe6 Qa5 13. Nxf8+ Kxf8 14. Qg4
Bf7 15. Qc8+ Qd8 16. Qxd8+ Bxd8 17. Bxf7 Kxf7 18. Bg5 Nd7 19. Rae1 Bc7 20. Bh4
h6 21. b3 Re8 22. Rxe8 Kxe8 23. c4 g5 24. Re1+ Kf7 25. Bf2 a6 26. h3 Nf8 27. g3
Ng6 28. Kg2 Ne7 29. Kf3 Nf5 30. g4 Ne7 31. Be3 Ng6 32. Bc1 Nf4 33. Ba3 Bd8 34.
Bd6 Ne6 35. Rd1 Bc7 36. Be5 Nd7 37. Bxc7 Nxc7 38. Ke4 Ke6 39. Ke3 Nf6 40. Rf1
Nce8 41. Kd3 Nd6 42. Re1+ Kf7 43. Re5 Nc8 44. d5 cxd5 45. cxd5 Ne7 46. Kc4 Ng6
47. Re1 Nf4 48. d6 Nxh3 49. Re7+ Kf8 50. Re6 Kf7 51. Re7+ Kf8 52. Re6 Kf7 {Game
drawn by mutual agreement} 1/2-1/2

[Event "Team 45 45 League T51"]
[Site "Internet Chess Club"]
[Date "2011.11.28"]
[Round "3"]
[White "Jack-ONeill"]
[Black "alexping"]
[Result "0-1"]
[WhiteElo "2039"]
[BlackElo "1920"]
[Opening "French: advance, Paulsen attack"]
[ECO "C02"]
[Time "11:17:16"]
[TimeControl "2700+45"]

1. e4 e6 2. d4 d5 3. e5 c5 4. c3 Nc6 5. Nf3 Qb6 6. a3 cxd4 7. cxd4 Nge7 8. b4
Bd7 9. Nc3 Ng6 10. Na4 Qd8 11. g3 Be7 12. h4 h5 13. Be3 b6 14. Ba6 Rb8 15. Nc3
f6 16. Bd3 Kf7 17. Ng5+ fxg5 18. Qf3+ Bf6 19. exf6 g4 20. Bxg6+ Kxg6 21. Qf4
gxf6 22. Qd6 Qe7 23. Qxe7 Nxe7 24. O-O Rbc8 25. Rac1 Rc4 26. Ne2 e5 27. Rxc4
dxc4 28. dxe5 fxe5 29. Rd1 Bf5 30. Rd6+ Kf7 31. Bg5 Be6 32. Nc3 Nf5 33. Rc6 Rc8
34. Rxc8 Bxc8 35. Nb5 a6 36. Na7 Bd7 37. Kf1 Nd4 38. Bd2 b5 39. Bc3 Ke6 40. Ke1
Kd5 41. Kd2 Ke4 42. Ke1 Kd3 43. Bd2 {White resigns} 0-1

[Event "Team 45 45 League T51"]
[Site "Internet Chess Club"]
[Date "2011.11.29"]
[Round "3"]
[White "Troparion"]
[Black "Despair"]
[Result "1-0"]
[WhiteElo "1850"]
[BlackElo "1991"]
[Opening "Pirc: classical (two knights) system"]
[ECO "B08"]
[Time "21:16:39"]
[TimeControl "2700+45"]

1. Nf3 Nf6 2. d4 g6 3. Nc3 d6 4. e4 Bg4 5. h3 Bxf3 6. Qxf3 c6 7. Bc4 Nbd7 8. Be3
Bg7 9. Bb3 O-O 10. O-O-O a5 11. e5 Ne8 12. e6 fxe6 13. Bxe6+ Kh8 14. Qg4 Ndf6
15. Qh4 Nc7 16. Bc4 b5 17. Bd3 b4 18. Ne4 Nxe4 19. Bxe4 d5 20. Bxg6 h6 21. Bxh6
Qd6 22. Bg5+ {Black resigns} 1-0

[Event "Team 45 45 League T51"]
[Site "Internet Chess Club"]
[Date "2011.11.27"]
[Round "3"]
[White "ivanson"]
[Black "kabindra"]
[Result "1-0"]
[WhiteElo "1831"]
[BlackElo "1817"]
[Opening "Ruy Lopez: closed (10...c5)"]
[ECO "C96"]
[Time "14:03:41"]
[TimeControl "2700+45"]

1. e4 e5 2. Nf3 Nc6 3. Bb5 a6 4. Ba4 Nf6 5. O-O Be7 6. Re1 b5 7. Bb3 d6 8. c3
O-O 9. h3 Na5 10. Bc2 c5 11. d4 cxd4 12. cxd4 Qc7 13. Nc3 Bb7 14. d5 Rac8 15.
Bd3 Nc4 16. Qe2 Rfe8 17. Bg5 Nxb2 18. Nxb5 axb5 19. Qxb2 h6 20. Bxf6 Bxf6 21.
Bxb5 Rf8 22. a4 Qb6 23. Rac1 Bxd5 24. exd5 e4 25. Qe2 exf3 26. Qxf3 Be5 27. Rc6
Qa5 28. Rec1 Rxc6 29. Bxc6 Qd2 30. Qd1 Qf4 31. g3 Qg5 32. h4 Qf6 33. Rb1 Bd4 34.
Qe2 Qg6 35. Rb7 Qxg3+ 36. Kf1 Qxh4 37. Qf3 Bc5 38. Be8 Qxf2+ 39. Qxf2 Bxf2 40.
Bxf7+ Rxf7 41. Rxf7 Bc5 42. Rb7 g5 43. a5 h5 44. a6 g4 45. a7 Bxa7 46. Rxa7
{Black resigns} 1-0

[Event "Team 45 45 League T51"]
[Site "Internet Chess Club"]
[Date "2011.11.28"]
[Round "3"]
[White "rookmaster23"]
[Black "Ostap-Bender"]
[Result "1-0"]
[WhiteElo "1544"]
[BlackElo "1397"]
[Opening "QGA: classical, 6...a6"]
[ECO "D27"]
[Time "20:00:08"]
[TimeControl "2700+45"]

1. d4 d5 2. c4 dxc4 3. Nf3 e6 4. e3 Nf6 5. Bxc4 c5 6. O-O a6 7. dxc5 Qxd1 8.
Rxd1 Bxc5 9. Nc3 O-O 10. a3 b5 11. Be2 Nc6 12. b4 Be7 13. Bb2 Bb7 14. Nd2 Rfd8
15. Bf3 Rab8 16. Nb3 Rxd1+ 17. Rxd1 Ne5 18. Bxb7 Rxb7 19. Nc5 Rb6 20. Ne2 Nc4
21. Bxf6 Bxf6 22. Nd7 Rd6 23. Nxf6+ gxf6 24. Rxd6 Nxd6 25. Nc3 f5 26. Kf1 Nc4
27. a4 Nd6 28. axb5 Nxb5 29. Nxb5 axb5 30. Ke2 Kf8 31. Kd3 Ke7 32. Kd4 Kd6 33.
f4 f6 34. e4 fxe4 35. Kxe4 e5 36. fxe5+ fxe5 37. g4 Ke6 38. h4 h6 39. g5 hxg5
40. hxg5 Kd6 41. g6 Ke6 42. g7 Kf7 43. Kxe5 Kxg7 44. Kd5 Kf7 45. Kc5 Ke7 46.
Kxb5 Kd7 47. Kb6 Kc8 48. Ka7 Kc7 49. b5 {Black resigns} 1-0

[Event "Team 45 45 League T51"]
[Site "Internet Chess Club"]
[Date "2011.12.01"]
[Round "3"]
[White "Zyme"]
[Black "milesotoole"]
[Result "0-1"]
[WhiteElo "1363"]
[BlackElo "1554"]
[Opening "Dutch defense"]
[ECO "A87"]
[Time "21:08:29"]
[TimeControl "2700+45"]

1. d4 f5 2. g3 Nf6 3. Bg2 g6 4. Nf3 Bg7 5. O-O O-O 6. c4 d6 7. Nc3 Qe8 8. d5 a5
9. Nd4 Na6 10. Bg5 Nc5 11. Qd2 Nce4 12. Nxe4 Nxe4 13. Bxe4 fxe4 14. Bh6 Bh3 15.
Bxg7 Kxg7 16. Rfc1 Qf7 17. Qc3 Qxf2+ 18. Kh1 Qg2# {White checkmated} 0-1

[Event "Team 45 45 League T51"]
[Site "Internet Chess Club"]
[Date "2011.11.29"]
[Round "3"]
[White "chicopee-ed"]
[Black "AtomicDog"]
[Result "1/2-1/2"]
[WhiteElo "1385"]
[BlackElo "1352"]
[Opening "Queen's Indian defense"]
[ECO "A47"]
[Time "13:04:08"]
[TimeControl "2700+45"]

1. d4 Nf6 2. Nf3 b6 3. e3 Bb7 4. Nbd2 e6 5. Bd3 Be7 6. O-O d5 7. Ne5 O-O 8. f4
c5 9. c3 Nbd7 10. Qf3 c4 11. Bc2 Nxe5 12. fxe5 Nd7 13. Qh3 g6 14. Nf3 Bc8 15. e4
Re8 16. Ng5 Bxg5 17. Qf3 Rf8 18. exd5 Bxc1 19. dxe6 fxe6 20. Qxa8 Bxb2 21. Rxf8+
Qxf8 22. Rf1 Qe8 23. Rf3 Ba3 {Game drawn by mutual agreement} 1/2-1/2

[Event "Team 45 45 League T51"]
[Site "Internet Chess Club"]
[Date "2011.12.02"]
[Round "3"]
[White "AlPearson"]
[Black "Toalla"]
[Result "0-1"]
[WhiteElo "1284"]
[BlackElo "1287"]
[Opening "English opening"]
[ECO "A10"]
[Time "13:03:23"]
[TimeControl "2700+45"]

1. c4 g6 2. g3 Bg7 3. Bg2 c6 4. e4 e5 5. Ne2 Nf6 6. Nbc3 O-O 7. O-O d6 8. d3
Nbd7 9. f4 a6 10. f5 Qc7 11. Bg5 h6 12. Bd2 g5 13. Qc1 Nh7 14. Kh1 b5 15. Ng1 b4
16. Nce2 a5 17. h4 f6 18. hxg5 fxg5 19. g4 c5 20. Ng3 Ndf6 21. Bf3 a4 22. Nh5
Rb8 23. Nh3 Bb7 24. Rf2 Qe7 25. Rh2 Rf7 26. Kg2 Nxh5 27. gxh5 Rbf8 28. Be3 Bc6
29. Qd2 Qf6 30. Kf2 Bd7 31. Ke2 Rb8 32. Rg1 b3 33. a3 Be8 34. Rhg2 Kh8 35. Nxg5
hxg5 36. Bxg5 Nxg5 37. Qxg5 Qxg5 38. Rxg5 Kh7 39. h6 Bxh6 40. Rg6 Rg7 41. Bh5
Bxg6 42. Bxg6+ Kh8 43. Rh1 Rxg6 44. fxg6 Kg7 45. Rg1 Rg8 46. Kf3 Kf6 47. Ke2
Rxg6 48. Rf1+ Bf4 49. Rh1 Rg2+ 50. Kf3 Rxb2 51. Rh8 Ra2 52. Rb8 b2 53. Kg4 Rxa3
54. Rxb2 Rxd3 55. Rb6 a3 56. Ra6 Rd4 57. Rxa3 Rxc4 58. Ra6 Rxe4 59. Rxd6+ Ke7
60. Rc6 Rb4 61. Kf5 c4 62. Ke4 Kd7 63. Rc5 Kd6 64. Rc8 c3+ 65. Kd3 Bd2 66. Rd8+
Ke7 67. Rc8 e4+ 68. Kc2 e3 69. Kd1 Rb2 70. Rc7+ Kd6 71. Rc4 Kd5 72. Rc8 Rb6 73.
Rc7 Rc6 74. Rd7+ Rd6 75. Re7 Rc6 76. Rd7+ Ke6 77. Rd8 c2+ 78. Ke2 c1=Q 79. Re8+
Kf7 80. Re4 Qe1+ 81. Kd3 Qf1+ 82. Kd4 Qc4+ 83. Ke5 Qe6+ 84. Kd4 Rd6+ 85. Kc5
Qxe4 86. Kxd6 e2 87. Kc5 Ke6 88. Kb5 Qb4+ 89. Kc6 Qd6+ 90. Kb5 Kd5 91. Ka4 Qb4#
{White checkmated} 0-1

[Event "Team 45 45 League T51"]
[Site "Internet Chess Club"]
[Date "2011.11.27"]
[Round "3"]
[White "BotanicalKnight"]
[Black "chesskix"]
[Result "0-1"]
[WhiteElo "1529"]
[BlackElo "1489"]
[Opening "Sicilian: closed"]
[ECO "B24"]
[Time "14:02:55"]
[TimeControl "2700+45"]

1. e4 c5 2. Nc3 Nc6 3. g3 e5 4. Bg2 Nf6 5. d3 Be7 6. f4 d6 7. Nf3 Bg4 8. h3 Bxf3
9. Bxf3 Nd4 10. Bg2 Qa5 11. O-O O-O-O 12. Bd2 Qa6 13. b4 cxb4 14. Ne2 Nc6 15. a3
bxa3 16. Qc1 d5 17. exd5 Nxd5 18. c4 Nc7 19. Bxc6 Qxc6 20. fxe5 f6 21. exf6 gxf6
22. d4 Rhg8 23. d5 Qb6+ 24. Kh2 h5 25. Be3 Bc5 26. Bxc5 Qxc5 27. Rxa3 Qd6 28.
Nf4 h4 29. g4 Qc5 30. Qe3 Qxe3 31. Rxe3 Kd7 32. Nh5 Kd6 33. Nxf6 Rg6 34. Ne4+
Ke5 35. Ng5+ Kd4 36. Re4+ Kc5 37. Nf3 Rgg8 {White forfeits on time} 0-1

[Event "Team 45 45 League T51"]
[Site "Internet Chess Club"]
[Date "2011.11.26"]
[Round "3"]
[White "Bible-Believer"]
[Black "The-Capitalist"]
[Result "1-0"]
[WhiteElo "1476"]
[BlackElo "1390"]
[Opening "Caro-Kann: Panov-Botvinnik attack, 5...e6"]
[ECO "B14"]
[Time "20:00:48"]
[TimeControl "2700+45"]

1. e4 c6 2. d4 d5 3. exd5 cxd5 4. c4 Nf6 5. Nc3 e6 6. Nf3 Bb4 7. cxd5 Nxd5 8.
Bd2 Nc6 9. Bd3 O-O 10. O-O Be7 11. a3 Bf6 12. Be4 Bxd4 13. Nxd4 Nxd4 14. Re1
Nxc3 15. Bxc3 Nc6 16. Qh5 f5 17. Rad1 Qe8 18. Qxe8 Rxe8 19. Bxf5 g6 20. Bh3 e5
21. Bxc8 Raxc8 22. Rd3 Rcd8 23. Rde3 Rd5 24. f4 e4 25. Rxe4 Rxe4 26. Rxe4 Rd1+
27. Kf2 Kf7 28. g4 h6 29. f5 gxf5 30. gxf5 Rc1 31. Rg4 Rc2+ 32. Kg3 Ke8 33. Rg7
Nd8 34. Rh7 Nf7 35. h4 Rc1 36. Kg4 Rxc3 37. bxc3 Kf8 38. Kh5 Kg8 39. Rxh6 Nxh6
40. Kxh6 Kf7 41. Kg5 b5 42. h5 Kg7 43. h6+ Kg8 44. Kf6 a5 45. h7+ Kxh7 46. Ke7
b4 47. cxb4 axb4 48. axb4 Kg8 49. f6 {Black resigns} 1-0

[Event "Team 45 45 League T51"]
[Site "Internet Chess Club"]
[Date "2011.11.28"]
[Round "3"]
[White "danmend"]
[Black "mrmarck"]
[Result "0-1"]
[WhiteElo "1183"]
[BlackElo "1302"]
[Opening "Scandinavian (center counter) defense"]
[ECO "B01"]
[Time "19:00:17"]
[TimeControl "2700+45"]

1. e4 d5 2. exd5 Qxd5 3. Nc3 Qa5 4. d4 c6 5. Bd2 Qb6 6. Nf3 Nf6 7. Bc4 Bg4 8.
Be3 e6 9. d5 Qxb2 10. Bd4 Bb4 11. dxc6 Nxc6 12. O-O Bxc3 13. Rb1 Qa3 14. Rb3
Bxf3 15. Qxf3 Nxd4 16. Qxc3 Nxb3 17. Qxb3 Qxb3 18. Bxb3 O-O 19. h3 Rad8 20. Rb1
b6 21. f3 Rd2 22. g4 Rfd8 23. c3 R8d3 24. g5 Nh5 25. Rf1 Nf4 26. Bc4 Rxc3 27.
Bb5 Nxh3+ 28. Kh1 Rcc2 {White resigns} 0-1

[Event "Team 45 45 League T51"]
[Site "Internet Chess Club"]
[Date "2011.11.27"]
[Round "3"]
[White "PT105"]
[Black "bhandelman"]
[Result "0-1"]
[WhiteElo "1289"]
[BlackElo "1149"]
[Opening "Four knights: Spanish, classical defense"]
[ECO "C48"]
[Time "16:11:07"]
[TimeControl "2700+45"]

1. e4 e5 2. Nf3 Nc6 3. Bb5 Nf6 4. Nc3 Bc5 5. Nxe5 Nxe5 6. d4 Nf3+ 7. gxf3 Be7 8.
e5 Ng8 9. Bf4 c6 10. Bc4 d6 11. exd6 Bxd6 12. Bxd6 Qxd6 13. Qe2+ Ne7 14. Qe5 Qg6
15. O-O-O b5 16. Bb3 O-O 17. Qxe7 Bh3 18. Rhg1 Qh6+ 19. Kb1 a5 20. a4 Qh5 21.
Qg5 Qg6 22. Qxg6 hxg6 23. Rxg6 Rac8 24. axb5 cxb5 25. Rg5 a4 26. Ba2 b4 27. Nxa4
g6 28. Rxg6+ Kh7 29. Rg5 Kh6 30. Rb5 Rb8 31. Rxb8 Rxb8 32. Bxf7 Kg7 33. Bh5 Bf5
34. Ka2 Be6+ 35. d5 Bf5 36. c3 Bc2 37. Rg1+ Kh6 38. Nc5 Ra8+ 39. Na4 Rxa4#
{White checkmated} 0-1

[Event "Team 45 45 League T51"]
[Site "Internet Chess Club"]
[Date "2011.11.29"]
[Round "3"]
[White "vael"]
[Black "Stryker672"]
[Result "1/2-1/2"]
[WhiteElo "1775"]
[BlackElo "1995"]
[Opening "Ruy Lopez: classical defense, Benelux variation"]
[ECO "C64"]
[Time "19:00:09"]
[TimeControl "2700+45"]

1. e4 e5 2. Nf3 Nc6 3. Bb5 Bc5 4. c3 Nf6 5. O-O O-O 6. d4 Bb6 7. Bg5 h6 8. Bh4
d6 9. Qd3 Qe7 10. Nbd2 Nb8 11. Rfe1 c6 12. Ba4 Nbd7 13. Nc4 Bc7 14. Ne3 Re8 15.
Nf5 Qd8 16. Rad1 Nb6 17. Bc2 Bxf5 18. exf5 Nbd7 19. dxe5 Nxe5 20. Nxe5 Rxe5 21.
Rxe5 dxe5 22. Qxd8+ Rxd8 23. Rxd8+ Bxd8 24. Kf1 Bc7 25. Ke2 Nd5 26. c4 Nf4+ 27.
Kf3 f6 28. g3 {Game drawn by mutual agreement} 1/2-1/2

[Event "Team 45 45 League T51"]
[Site "Internet Chess Club"]
[Date "2011.11.26"]
[Round "3"]
[White "CzwartyWymiar"]
[Black "bshribharath"]
[Result "0-1"]
[WhiteElo "1784"]
[BlackElo "1694"]
[Opening "Queen's pawn"]
[ECO "A40"]
[Time "10:10:49"]
[TimeControl "2700+45"]

1. d4 e6 2. Nf3 Nf6 3. Bf4 Be7 4. e3 b6 5. Bd3 Bb7 6. Nbd2 O-O 7. c3 d6 8. Qc2
Nbd7 9. O-O c5 10. Rfe1 Rc8 11. e4 cxd4 12. e5 dxc3 13. bxc3 Nd5 14. Bxh7+ Kh8
15. Bg3 Nxc3 16. Qd3 Nxe5 17. Nxe5 dxe5 18. Bxe5 Qxd3 19. Bxd3 Rfd8 20. Re3 Rc5
21. Rh3+ Kg8 22. Bxc3 Rxc3 23. Bh7+ Kh8 24. Rxc3 Bf6 25. Rd3 Rxd3 26. Bxd3 Bxa1
27. Bc4 Bd5 28. Bxd5 exd5 29. Kf1 Kg8 30. Ke2 Kf8 31. Kd3 Ke7 32. h3 Kd6 33. f3
a5 34. Kc2 a4 35. Kd3 b5 36. Nf1 b4 37. Kc2 d4 38. Nd2 Bc3 39. Nc4+ Kc5 40. Kd3
b3 41. axb3 axb3 42. Na3 Kb4 43. Nb1 b2 44. Kc2 f5 45. g4 fxg4 46. hxg4 g5 47.
Kd3 Kb3 48. Ke2 Ka2 {White resigns} 0-1

[Event "Team 45 45 League T51"]
[Site "Internet Chess Club"]
[Date "2011.11.25"]
[Round "3"]
[White "TwoEqualsOne"]
[Black "rahulr"]
[Result "1-0"]
[WhiteElo "1878"]
[BlackElo "1625"]
[Opening "Benoni: 6.e4"]
[ECO "A65"]
[Time "18:00:03"]
[TimeControl "2700+45"]

1. d4 Nf6 2. c4 c5 3. d5 e6 4. Nc3 exd5 5. cxd5 d6 6. e4 g6 7. Bd3 Bg7 8. Nf3
O-O 9. O-O Re8 10. Rb1 Na6 11. a3 c4 12. Bc2 Nc5 13. Re1 Rb8 14. Nd4 Ng4 15. Bf4
Nxf2 16. Kxf2 Nd3+ 17. Bxd3 Bxd4+ 18. Be3 Qh4+ 19. Kg1 Bxc3 20. bxc3 cxd3 21.
Qxd3 Rxe4 22. Bf2 Rxe1+ 23. Rxe1 Qg5 24. Re8+ Kg7 25. Bd4+ f6 26. Re7+ Kg8 27.
Be3 Qf5 28. Re8+ Kf7 29. Qxf5 gxf5 30. Rd8 b6 31. Bf4 Kg7 32. Bxd6 Ra8 33. Bf4
Kg6 34. d6 Bb7 35. Rxa8 Bxa8 36. d7 {Black resigns} 1-0

[Event "Team 45 45 League T51"]
[Site "Internet Chess Club"]
[Date "2011.11.27"]
[Round "3"]
[White "werty"]
[Black "MasterOfTheKeys"]
[Result "1-0"]
[WhiteElo "1540"]
[BlackElo "1661"]
[Opening "Queen's pawn: stonewall attack"]
[ECO "A45"]
[Time "14:50:40"]
[TimeControl "2700+45"]

1. d4 Nf6 2. e3 d5 3. Bd3 e6 4. Nd2 c5 5. c3 Bd6 6. Ngf3 O-O 7. O-O Nbd7 8. Re1
b6 9. e4 dxe4 10. Nxe4 Nxe4 11. Bxe4 Rb8 12. Qd3 f5 13. Bc6 Nf6 14. Ne5 Bxe5 15.
Rxe5 Ng4 16. Re1 Qd6 17. Qg3 Qxc6 18. Qxb8 Bb7 19. Qg3 Rf6 20. f3 Rg6 21. Kh1
Ne3 22. Qb8+ Kf7 23. Rxe3 cxd4 24. cxd4 Qc2 25. Qxb7+ Kf6 26. g3 f4 27. Rxe6+
Kxe6 28. Qe4+ Qxe4 29. fxe4 fxg3 30. Bf4 {Black resigns} 1-0

[Event "Team 45 45 League T51"]
[Site "Internet Chess Club"]
[Date "2011.11.25"]
[Round "3"]
[White "koni"]
[Black "tsia68"]
[Result "1-0"]
[WhiteElo "1887"]
[BlackElo "1809"]
[Opening "Pirc: Austrian attack, 6.Bd3"]
[ECO "B09"]
[Time "14:04:37"]
[TimeControl "2700+45"]

1. e4 d6 2. d4 Nf6 3. Nc3 g6 4. f4 Bg7 5. Nf3 O-O 6. Bd3 Na6 7. O-O c5 8. d5 Bg4
9. Bc4 Nc7 10. h3 Bxf3 11. Qxf3 b6 12. a4 a6 13. Qd3 Qd7 14. Be3 e6 15. dxe6
fxe6 16. Rad1 Rfd8 17. f5 gxf5 18. exf5 d5 19. fxe6 Qxe6 20. Ba2 Kh8 21. Bf4 c4
22. Qf3 Rac8 23. Rfe1 Qf7 24. Be5 Nce8 25. Bd4 Qb7 26. Re6 Rc6 27. Rde1 Rxe6 28.
Rxe6 b5 29. Bxf6 Nxf6 30. Rxf6 Qe7 31. Rf7 Qe1+ 32. Qf1 Re8 33. Nxd5 Bd4+ 34.
Kh1 Qxf1+ 35. Rxf1 Re2 36. axb5 axb5 37. Bb1 Bxb2 38. Rd1 c3 39. Nb4 Rd2 40. Rf1
Ba3 41. Nd3 b4 42. Nc5 Kg7 43. Nb3 Re2 44. Kh2 Re3 45. Rf2 Re1 46. Ba2 Rd1 47.
Kg3 Kg6 48. Kf3 h5 49. g3 Kg5 50. Na5 Rg1 51. Bb3 h4 52. Rg2 Rf1+ 53. Ke2 Rh1
54. gxh4+ Kxh4 55. Be6 Rb1 56. Nb3 Rh1 57. Rg4+ Kh5 58. Rf4 Rb1 59. Rf1 Rb2 60.
Bf5 Kg5 61. Kd3 Ra2 62. Kd4 Bb2 63. Kc4 Ba3 64. Bd3 Kh4 65. Bf5 Kg5 66. Nd4 Rb2
67. Kd3 Ra2 68. Be6 Rb2 69. Nf3+ Kf6 70. Bb3 Kg6 71. h4 Kh5 72. Rh1 Kg4 73. h5
Kxf3 74. h6 Rxb3 75. cxb3 Bb2 76. Kc2 {Black resigns} 1-0

[Event "Team 45 45 League T51"]
[Site "Internet Chess Club"]
[Date "2011.11.25"]
[Round "3"]
[White "Ayensa80"]
[Black "kabindra"]
[Result "0-1"]
[WhiteElo "1715"]
[BlackElo "1777"]
[Opening "Ruy Lopez: closed (10...c5)"]
[ECO "C96"]
[Time "10:35:37"]
[TimeControl "2700+45"]

1. e4 e5 2. Nf3 Nc6 3. Bb5 a6 4. Ba4 Nf6 5. O-O Be7 6. Re1 b5 7. Bb3 d6 8. h3
O-O 9. c3 Na5 10. Bc2 c5 11. d4 cxd4 12. cxd4 Qc7 13. b3 Bb7 14. Bb2 Rac8 15.
Bd3 Nc6 16. Nbd2 Nb4 17. Rc1 Nxd3 18. Rxc7 Rxc7 19. Re3 Nxb2 20. Qb1 exd4 21.
Re1 d3 22. Qxb2 Rc2 23. Qd4 Rfc8 24. Qxd3 d5 25. e5 Ne4 26. Nxe4 dxe4 27. Qd7
R2c7 28. Qg4 exf3 29. gxf3 Rc6 30. e6 f6 31. Rd1 Rc5 32. f4 f5 33. Qh5 g6 34.
Qe2 Rc3 35. Rd3 Rc1+ 36. Rd1 R1c3 37. Rd3 Rxd3 38. Qxd3 Rc1+ 39. Kh2 Rh1+ 40.
Kg3 Rg1+ 41. Kh2 Rg2+ {White resigns} 0-1

[Event "Team 45 45 League T51"]
[Site "Internet Chess Club"]
[Date "2011.11.25"]
[Round "3"]
[White "Portola"]
[Black "barbak"]
[Result "0-1"]
[WhiteElo "1700"]
[BlackElo "1824"]
[Opening "Queen's pawn game, Krause variation"]
[ECO "D02"]
[Time "14:07:03"]
[TimeControl "2700+45"]

1. d4 d5 2. Nf3 c5 3. c3 Nf6 4. h3 Nc6 5. Bf4 Qb6 6. Qc1 Bf5 7. e3 e6 8. Nbd2
Be7 9. dxc5 Bxc5 10. Nb3 Be7 11. Be2 O-O 12. Nfd4 Bg6 13. O-O Nd7 14. Bg3 Rac8
15. Qd1 Rfd8 16. Bd3 Bxd3 17. Qxd3 Nce5 18. Qe2 Nc4 19. Rfb1 a5 20. a4 Bf6 21.
Nb5 Nde5 22. N3d4 Nc6 23. Rd1 Rd7 24. Rab1 Rcd8 25. Kh1 Rc8 26. Kg1 g6 27. Kh1
e5 28. Qg4 Rcd8 29. Ne2 e4 30. Ned4 Bg7 31. Qe2 N4e5 32. Kg1 Nd3 33. Bh4 Re8 34.
Bg3 Nd8 35. h4 Ne6 36. h5 f5 37. hxg6 hxg6 38. Rf1 Nec5 39. b3 Ne6 40. Nxe6 Rxe6
41. Nd4 Re8 42. Qd2 Rc8 43. f4 Rdc7 44. Nb5 Rc5 45. b4 axb4 46. Rxb4 Bxc3 47.
Nxc3 Qxb4 48. Nb1 Qxa4 49. Qe2 Rc2 50. Nd2 Qb4 51. Rd1 Rb2 52. Be1 Rcc2 53. Kf1
Nxe1 54. Kxe1 Rxd2 55. Rxd2 Qxd2+ 56. Qxd2 Rxd2 57. Kxd2 Kf7 58. Kc3 Ke7 59. Kd4
Kd6 60. Kc3 Kc5 61. g3 b6 62. Kd2 Kc4 63. Kc2 d4 64. exd4 Kxd4 65. Kd2 b5 66.
Ke2 b4 67. Kd2 b3 {White resigns} 0-1